 Dungeon Crawl Stone Soup version 0.25.1-2-g60ff931df9 (webtiles) character file.

Game seed: 2902442867263787564

46 H0rd4k the Insei (level 3, 0/23 HPs)
             Began as an Octopode Transmuter on July 29, 2020.
             Slain by an orc
             ... wielding a +3 flail
              (3 damage)
             ... on level 3 of the Dungeon.
             The game lasted 00:01:58 (1480 turns).

H0rd4k the Insei (Octopode Transmuter)              Turns: 1480, Time: 00:01:58

Health: 0/23       AC:  1    Str:  9    XL:     3   Next: 68%
Magic:  6/6        EV: 13    Int: 16    God:
Gold:   54         SH:  0    Dex: 12    Spells: 0/6 levels left

rFire    . . .     SeeInvis .     - Unarmed
rCold    . . .     Gourm    .   (no shield)
rNeg     . . .     Faith    .   (helmet restricted)
rPois    .         Spirit   .   (no amulet)
rElec    .         Reflect  .   (no ring)
rCorr    .         Harm     .   (no ring)
MR       .....                  (no ring)
Stlth    ++........             (no ring)
HPRegen  0.07/turn              (no ring)
MPRegen  0.10/turn              (no ring)
                                (no ring)
                                (no ring)

@: appendage (expiring)
A: almost no armour, stealthy swim, amphibious, 8 rings, constrict 8, tentacle
spike 3, camouflage 1, gelatinous body 1
a: End Transformation


You were on level 3 of the Dungeon.
You were hungry.
One of your tentacles had a temporary spike.
You visited 1 branch of the dungeon, and saw 3 of its levels.

You collected 54 gold pieces.

Inventory:

Missiles
 a - 12 arrows
Scrolls
 d - a scroll of enchant weapon {unknown}
 e - a scroll of enchant armour {unknown}
Potions
 f - a potion of ambrosia {unknown}
Comestibles
 c - 4 rations


   Skills:
 + Level 1.0 Fighting
 + Level 2.2 Dodging
 + Level 0.8 Stealth
 + Level 3.7 Unarmed Combat
 * Level 2.3 Spellcasting
 * Level 2.4 Transmutations


You couldn't memorise any spells.
You knew the following spells:

 Your Spells              Type           Power        Failure   Level  Hunger
a - Beastly Appendage     Tmut           #.....       8%          1    #......
b - Sticks to Snakes      Tmut           #.......     11%         2    ###....
c - Spider Form           Tmut/Pois      #.........   36%         3    ###....

Your spell library contained the following spells:

 Spells                   Type           Power        Failure   Level  Hunger
 Ice Form                 Ice/Tmut       #.......     77%         4    #####..
 Blade Hands              Tmut           #.........   90%         5    ######.


Dungeon Overview and Level Annotations

Branches:
Dungeon (3/15)

Altars:

Annotations:
D:2 Robin


Innate Abilities, Weirdness & Mutations

You cannot wear most types of armour.
You are very stealthy in the water. (Stealth+)
You are amphibious.
You can wear up to eight rings at the same time.
You can use your tentacles to constrict eight enemies at once.
Your skin changes colour to match your surroundings (Stealth+).
Your rubbery body absorbs attacks. (AC +1, EV +1)
One of your tentacles bears a large vicious spike.


Message History

You barely miss the orc. Your grab misses the orc.
The orc hits you with a +3 flail!
You tentacle-slap the orc. You grab the orc.
You pierce the orc.
The orc is severely wounded.
You constrict the orc, but do no damage.
The orc hits you with a +3 flail!
* * * LOW HITPOINT WARNING * * *
Unknown command.
You release your grip on the orc.
You see here a jackal corpse.
You see here a jackal corpse.
Okay, then.
There is an open door here.
Your transformation is almost over.
There is a stone staircase leading up here.
Saving game... please wait.
Welcome back, H0rd4k the Octopode Transmuter.
Press ? for a list of commands and other information.
The orc hits you with a +3 flail.
You die...

.... #+#..
#.#.######.
#..o.......
###o###########
#)#.........#
#.#......##.#
#†#.......#.#
#†#...o...o@#
#.##.....##.#
#..'o....+..#
####.....####
#.....# #.....#
#.....# #.....#
#.....#


You could see 3 orcs.

Vanquished Creatures
  2 dart slugs (D:1)
  An orc (D:3)
  A giant cockroach (D:1)
  4 hobgoblins
  10 jackals
  4 bats (D:1)
  7 goblins
  5 kobolds
  2 rats (D:1)
36 creatures vanquished.

Notes
Turn   | Place    | Note
-------+----------+-------------------------------------------
     0 | D:1      | H0rd4k the Octopode Transmuter began the quest for the Orb.
     0 | D:1      | Reached XP level 1. HP: 13/13 MP: 3/3
   136 | D:1      | Reached XP level 2. HP: 13/18 MP: 5/5
   827 | D:1      | Reached XP level 3. HP: 23/23 MP: 6/6
  1136 | D:1      | Learned a level 2 spell: Sticks to Snakes
  1140 | D:1      | Learned a level 3 spell: Spider Form
  1269 | D:2      | Noticed Robin
  1465 | D:3      | HP: 1/23 [orc/+3 flail (9)]
  1480 | D:3      | Slain by an orc

Illustrated notes

Levels and vault maps discovered:
D:1:      minmay_arrival_shoal_huts, layout_basic
D:2:      layout_basic, uniq_crazy_yiuf_cottage, uniq_robin
D:3:      layout_basic, lemuel_coloured_pillars_altar, lemuel_crystal_altar,
          old_standard_altar, gammafunk_ghost_mausoleum

Action                   || total
-------------------------++-------
Melee: Unarmed           ||    84
       Constrict         ||    23
       Tentacles         ||    15
       Punch             ||     2
       Kick              ||     2
 Cast: Beastly Appendage ||     1
 Stab: Sleeping          ||     8
  Eat: Chunk             ||     1
Armor: Skin              ||    10
Dodge: Dodged            ||    58
